 Dungeon Crawl Stone Soup version 0.25-a0-73-g9796ba8d15 (webtiles) character file.

Game seed: 1790700513039348268, levelgen mode: deterministic

25006 MrRokkomies the Bewitcher (level 12, -3/78 HPs)
             Began as a Vampire Enchanter on Nov 5, 2019.
             Was the Champion of Cheibriados.
             Slain by Snorg (11 damage)
             ... on level 4 of the Lair of Beasts.
             The game lasted 00:51:51 (13444 turns).

MrRokkomies the Bewitcher (Vampire Enchanter)      Turns: 13444, Time: 00:51:51

Health: -3/78      AC: 18    Str: 23    XL:     12   Next: 85%
Magic:  19/19      EV: 22    Int: 37    God:    Cheibriados [******]
Gold:   690        SH:  8    Dex: 29    Spells: 4/21 levels left

rFire    . . .     SeeInvis +   a - +1 rapier (venom)
rCold    . . .     Gourm    .   w - +0 buckler
rNeg     + . .     Faith    .   q - +2 leather armour {MR+}
rPois    +         Spirit   .   f - +0 helmet
rElec    .         Reflect  +   W - scarf {cloud immunity}
rCorr    .         Harm     .   R - +1 pair of gloves "Zetemnuym" {rPois rN+}
MR       ++...                  (no boots)
Stlth    ++++++....             Q - +3 amulet of reflection
HPRegen  0.43/turn              d - +6 ring of protection
MPRegen  0.16/turn              N - +4 ring of protection

@: regenerating quickly, very slow
A: no food, fangs 3, see invisible, unbreathing
a: Exsanguinate, Bend Time, Temporal Distortion, Slouch, Step From Time,
Renounce Religion


You were on level 4 of the Lair of Beasts.
You worshipped Cheibriados.
Cheibriados was exalted by your worship.
You were alive.

You visited 2 branches of the dungeon, and saw 15 of its levels.
You also visited: Gauntlet.

You collected 1530 gold pieces.
You spent 840 gold pieces at shops.

Inventory:

Hand Weapons
 a - a +1 rapier of venom (weapon)
 l - a +2 short sword of flaming
 U - a +0 lajatang of electrocution
 V - the cursed +0 morningstar of Cuchich {freeze, rF+, unknown}
   (You found it in a Gauntlet)

   It has been specially enchanted to freeze those struck by it, causing extra
   injury to most foes and up to half again as much damage against particularly
   susceptible opponents.
   It can also slow down cold-blooded creatures.
   It protects you from fire.
   It has a curse placed upon it.
Missiles
 e - 18 javelins (quivered)
 i - 50 poisoned darts
 j - 14 boomerangs
 L - 3 throwing nets
 P - 4 curare-tipped darts
Armour
 f - a +0 helmet (worn)
 q - a +2 leather armour of magic resistance (worn)
 w - a +0 buckler (worn)
 x - a +0 cloak
 H - a +1 ring mail of cold resistance
 R - the +1 pair of gloves "Zetemnuym" (worn) {rPois rN+}
   (You found it in a Gauntlet)

   It protects you from poison.
   It protects you from negative energy.
 W - a scarf of cloud immunity (worn)
Jewellery
 d - a +6 ring of protection (left hand)
 k - an uncursed ring of protection from fire
 D - an uncursed ring of fire
 N - a +4 ring of protection (right hand)
 Q - a +3 amulet of reflection (around neck)
Wands
 b - a wand of digging (4)
 r - a wand of enslavement (9)
 E - a wand of iceblast (12)
 G - a wand of paralysis (9)
 K - a wand of disintegration (30)
 M - a wand of acid (15)
 T - a wand of flame (13)
Scrolls
 c - 6 scrolls of remove curse
 h - 4 scrolls of fog
 m - 3 scrolls of blinking
 o - a scroll of enchant armour
 p - 4 scrolls of immolation
 s - 10 scrolls of teleportation
 y - 4 scrolls of magic mapping
 F - a scroll of identify
 I - 2 scrolls of amnesia
 O - 2 scrolls of enchant weapon
Potions
 g - a potion of mutation
 n - 5 potions of curing
 t - 2 potions of agility
 u - 6 potions of heal wounds
 v - a potion of ambrosia
 z - 5 potions of flight
 A - a potion of might {unknown}
 B - 3 potions of resistance
 C - 2 potions of brilliance
 J - 2 potions of lignification
 S - 2 potions of invisibility {unknown}
Miscellaneous
 Y - a lightning rod (4/4)


   Skills:
 * Level 1.8 Fighting
 - Level 10.0 Short Blades
 * Level 10.1 Dodging
 + Level 13.9 Stealth
 - Level 5.1 Spellcasting
 - Level 15.9 Hexes
 + Level 7.9 Invocations


You had 4 spell levels left.
You knew the following spells:

 Your Spells              Type           Power        Failure   Level  Hunger
a - Invisibility          Hex            #######.     1%          6    N/A
b - Ensorcelled Hibernat  Hex/Ice        ######       1%          2    N/A
c - Confuse               Hex            #######.     1%          3    N/A
d - Confusing Touch       Hex            ######       0%          1    N/A
e - Tukima's Dance        Hex            #######.     1%          3    N/A
f - Blink                 Tloc           N/A          11%         2    N/A

Your spell library contained the following spells:

 Spells                   Type           Power        Failure   Level  Hunger
 Corona                   Hex            #######      0%          1    N/A
 Slow                     Hex            #######.     0%          2    N/A
 Dazzling Spray           Conj/Hex       ######       1%          3    N/A
 Inner Flame              Hex/Fire       ######..     1%          3    N/A
 Animate Skeleton         Necr           N/A          7%          1    N/A
 Apportation              Tloc           #.....       7%          1    N/A
 Beastly Appendage        Tmut           #.....       7%          1    N/A
 Flame Tongue             Conj/Fire      #....        7%          1    N/A
 Magic Dart               Conj           #...         7%          1    N/A
 Summon Butterflies       Summ           #.......     7%          1    N/A
 Summon Small Mammal      Summ           #...         7%          1    N/A
 Call Imp                 Summ           #.......     11%         2    N/A
 Sticks to Snakes         Tmut           #.......     11%         2    N/A
 Throw Flame              Conj/Fire      #.....       11%         2    N/A
 Conjure Flame            Conj/Fire      #.......     21%         3    N/A
 Lesser Beckoning         Tloc           #.........   21%         3    N/A
 Mephitic Cloud           Conj/Pois/Air  #.......     21%         3    N/A
 Spider Form              Tmut/Pois      #.........   21%         3    N/A
 Ice Form                 Ice/Tmut       #.......     56%         4    N/A
 Sticky Flame             Conj/Fire      #.......     56%         4    N/A
 Alistair's Intoxication  Tmut/Pois      #.......     88%         5    N/A
 Blade Hands              Tmut           #.........   88%         5    N/A
 Fireball                 Conj/Fire      #.........   88%         5    N/A

Dungeon Overview and Level Annotations

Branches:
Dungeon (11/15)            Temple (0/1) D:5            Lair (4/6) D:11
 Shoals (0/4) Lair:2      Gauntlet (visited)
  Snake: Lair:2-4    Spider: Lair:2-4       Orc: D:9-12

Altars:
Ashenzari
Cheibriados
Elyvilon
Hepliaklqana
Qazlal
Vehumet
The Shining One

Shops:
D:4 :((!   D:6 :   D:8 [   D:9 }}*   D:11 :

Annotations:
D:4 3 runed translucent doors, TimeIsEndless's ghost, novice HuFi
D:8 3 runed translucent doors, Linguinho's ghost, novice TrFi
Lair:4 Snorg


Innate Abilities, Weirdness & Mutations

You do not eat.
Your natural rate of healing is unusually fast.
You have razor-sharp teeth.
You have supernaturally acute eyesight. (SInv)
You can survive without breathing.


Message History

Snorg goes berserk!
Casting: Confusing Touch (safe; 0% risk of failure)
Confirm with . or Enter, or press ? or * to list all spells.
Your hands begin to glow red.
Snorg bites you!! You block Snorg's attack. x2
You hit Snorg but do no damage.
Snorg appears confused.
You bite Snorg!
Snorg is lightly wounded.
You hit Snorg.
Snorg is poisoned.
You bite Snorg!
Snorg is lightly wounded.
You hit Snorg but do no damage.
Snorg looks as sick as possible!
Snorg is lightly wounded.
Snorg bites you!! Snorg claws you but does no damage. Snorg claws you.
Snorg misses you. Snorg claws you!
* * * LOW HITPOINT WARNING * * *
Snorg claws you but does no damage.
You hit Snorg.
Snorg is lightly wounded.
Snorg bites you!
* * * LOW HITPOINT WARNING * * *
Snorg completely misses you. Snorg claws you!
You die...

######################
......................
##..#P.##.........##.
#.T##.###........###
##†@.## #.......##
#..### #.......##
........# #.[.....).#
.#####..#
##........### ##..
#........##. ...
........##.. ..#P
............ ..##
#..........# .#.#
#..........#


You could see Snorg (berserk).

Vanquished Creatures
  A minotaur (Gauntlet)
  Harold (D:7)
  3 hydras
  Sonja (Lair:3)
  Nergalle (Lair:4)
  A soul eater (Gauntlet)
  Pikel (D:8)
  A deep elf mage (D:10)
  An ugly thing (D:11)
  A manticore (Lair:2)
  A black mamba (Lair:3)
  4 spiny frogs
  2 komodo dragons
  3 trolls
  A hornet (D:9)
  3 polar bears (Lair:1)
  2 dream sheep (D:8)
  A meliai zombie (D:11)
  6 small abominations (Gauntlet)
  3 hippogriffs
  2 shadows (Gauntlet)
  29 yaks
  3 large abominations (Gauntlet)
  A hungry ghost (D:11)
  A steam dragon (Lair:3)
  Edmund (D:3)
  2 soldier ants
  An acid dragon (D:9)
  4 water moccasins
  7 porcupines
  5 orc warriors
  3 sky beasts
  3 black bears
  4 ice beasts
  4 phantoms
  4 centaurs
  4 wolves (Lair:2)
  4 ogres
  5 crocodiles
  3 big kobolds (D:8)
  14 bullfrogs
  8 scorpions
  A water moccasin skeleton (D:4)
  5 killer bees (D:9)
  3 wights (D:11)
  3 howler monkeys
  4 crimson imps
  A jelly (D:9)
  A quasit (D:6)
  6 hounds
  An iron imp (D:9)
  6 orc priests
  A bullfrog skeleton (D:5)
  A centaur skeleton (D:6)
  5 iguanas
  8 worker ants
  6 orc wizards
  2 hound zombies
  A hound skeleton (D:8)
  Robin (D:4)
  A worker ant zombie (D:10)
  4 gnolls
  8 adders
  5 shadow imps
  An adder zombie (D:5)
  2 adder skeletons
  5 worms
  5 leopard geckos
  47 orcs
  2 ball pythons
  6 bats
  5 giant cockroaches
  9 goblins
  11 hobgoblins
  3 jackals
  5 kobolds
  4 quokkas
  A jackal skeleton (D:6)
  A jackal zombie (D:7)
  A leopard gecko skeleton (D:6)
  A leopard gecko zombie (D:5)
  4 rats
337 creatures vanquished.

Vanquished Creatures (others)
  8 fungi
  2 plants
10 creatures vanquished.

Grand Total: 347 creatures vanquished

Notes
Turn   | Place    | Note
-------+----------+-------------------------------------------
     0 | D:1      | MrRokkomies the Vampire Enchanter began the quest for the
                  | Orb.
     0 | D:1      | Reached XP level 1. HP: 13/13 MP: 3/3
   112 | D:1      | Reached XP level 2. HP: 15/19 MP: 5/5
   313 | D:1      | You fall into a shaft and drop 1 floor!
   488 | D:1      | Reached skill level 5 in Hexes
   492 | D:1      | Learned a level 2 spell: Ensorcelled Hibernation
  1016 | D:2      | Reached XP level 3. HP: 24/24 MP: 6/6
  1076 | D:2      | Reached skill level 5 in Stealth
  1153 | D:2      | Found a shattered altar of Ashenzari.
  1576 | D:3      | Reached XP level 4. HP: 30/30 MP: 7/7
  1581 | D:3      | Learned a level 3 spell: Confuse
  1747 | D:3      | Reached skill level 6 in Hexes
  1875 | D:3      | Found a faded altar of an unknown god.
  1883 | D:3      | Became a worshipper of Cheibriados the Contemplative
  1883 | D:3      | Reached * piety under Cheibriados
  1925 | D:3      | Reached XP level 5. HP: 14/35 MP: 8/8
  2266 | D:4      | Noticed Edmund
  2359 | D:3      | Killed Edmund
  2359 | D:3      | Reached skill level 7 in Hexes
  2359 | D:3      | Reached XP level 6. HP: 41/41 MP: 3/9
  2428 | D:4      | Found Ufikon's Book Shop.
  2437 | D:4      | Reached skill level 1 in Invocations
  2499 | D:4      | Found a runed translucent gate.
  2499 | D:4      | Found a runed translucent gate.
  2499 | D:4      | Noticed TimeIsEndless's ghost (novice HuFi)
  2561 | D:4      | Found a runed translucent gate.
  2583 | D:4      | Found Inoff's Weapon Boutique.
  2636 | D:4      | Noticed Robin
  2644 | D:4      | Killed Robin
  2644 | D:4      | Reached ** piety under Cheibriados
  2774 | D:4      | Found a hazy altar of Hepliaklqana.
  2782 | D:4      | Reached XP level 7. HP: 46/46 MP: 10/10
  2799 | D:4      | Found Woehagh's Distillery.
  2881 | D:4      | Found Legust's Antique Weapon Emporium.
  2924 | D:4      | Reached skill level 5 in Short Blades
  3213 | D:5      | Entered Level 5 of the Dungeon
  3227 | D:5      | Found a staircase to the Ecumenical Temple.
  3236 | D:5      | Reached skill level 8 in Hexes
  3547 | D:4      | Bought a book of Cantrips for 240 gold pieces
  3549 | D:4      | Learned a level 1 spell: Confusing Touch
  3553 | D:4      | Learned a level 3 spell: Tukima's Dance
  4338 | D:6      | Reached skill level 9 in Hexes
  4355 | D:6      | Reached *** piety under Cheibriados
  4355 | D:6      | Reached XP level 8. HP: 41/52 MP: 11/11
  4357 | D:6      | Found a white marble altar of Elyvilon.
  4643 | D:6      | Reached skill level 10 in Hexes
  4765 | D:6      | Reached **** piety under Cheibriados
  4903 | D:6      | Found Xeroh's Book Shoppe.
  5140 | D:7      | Found a stormy altar of Qazlal.
  5143 | D:7      | Noticed Harold
  5165 | D:7      | Killed Harold
  5165 | D:7      | Reached skill level 11 in Hexes
  5165 | D:7      | Reached XP level 9. HP: 48/57 MP: 9/12
  5308 | D:7      | Noticed a troll
  5311 | D:7      | Killed a troll
  5506 | D:7      | Found a glowing golden altar of the Shining One.
  5554 | D:7      | Found a radiant altar of Vehumet.
  5870 | D:8      | Reached skill level 12 in Hexes
  5927 | D:8      | Found a runed translucent gate.
  5927 | D:8      | Found Ikoel's Antique Armour Emporium.
  5928 | D:8      | Found a runed translucent gate.
  5928 | D:8      | Found a runed translucent gate.
  5934 | D:8      | Reached skill level 10 in Stealth
  6132 | D:8      | Noticed Pikel
  6152 | D:8      | Killed Pikel
  6152 | D:8      | Reached XP level 10. HP: 48/63 MP: 9/13
  6248 | D:8      | Noticed Linguinho's ghost (novice TrFi)
  6347 | D:8      | Reached ***** piety under Cheibriados
  6536 | D:8      | Reached skill level 5 in Invocations
  6609 | D:8      | Noticed a three-headed hydra
  6625 | D:8      | Killed a three-headed hydra
  6625 | D:8      | Reached skill level 10 in Short Blades
  6625 | D:8      | Reached skill level 13 in Hexes
  6721 | D:9      | Found Fusip's Gadget Emporium.
  6789 | D:9      | Found Ercha's Gadget Shop.
  6811 | D:9      | Found Sohat's Assorted Antiques.
  7218 | D:9      | Paralysed by a hornet for 2 turns
  7330 | D:9      | Found a snail-covered altar of Cheibriados.
  7824 | D:10     | Entered Level 10 of the Dungeon
  7850 | D:10     | Reached skill level 14 in Hexes
  8032 | D:10     | Noticed a deep elf mage
  8049 | D:10     | Killed a deep elf mage
  8049 | D:10     | Reached XP level 11. HP: 68/68 MP: 10/15
  8536 | D:4      | Bought a book of Party Tricks for 600 gold pieces
  8761 | D:11     | Reached skill level 5 in Dodging
  8998 | D:11     | Found Ovvyeto's Book Shoppe.
  9129 | D:11     | Noticed a six-headed hydra
  9158 | D:11     | Killed a six-headed hydra
  9348 | D:11     | Noticed a green ugly thing
  9358 | D:11     | Killed a green ugly thing
  9358 | D:11     | Reached skill level 15 in Hexes
  9674 | D:11     | Found a staircase to the Lair.
  9682 | Lair:1   | Entered Level 1 of the Lair of Beasts
 10054 | Lair:1   | Reached XP level 12. HP: 62/74 MP: 17/17
 10714 | Lair:2   | Learned a level 6 spell: Invisibility
 10816 | Lair:2   | Reached ****** piety under Cheibriados
 10901 | Lair:2   | Found a staircase to the Shoals.
 11417 | Lair:3   | Found a gate leading to a gauntlet.
 11444 | Lair:3   | Noticed Sonja
 11464 | Lair:3   | Killed Sonja
 11470 | Gauntlet | Entered a Gauntlet
 11470 | Gauntlet | Found a transporter.
 11470 | Gauntlet | Found a transporter.
 11570 | Gauntlet | Found a transporter.
 11590 | Gauntlet | Found a transporter.
 11600 | Gauntlet | Found a transporter.
 11601 | Gauntlet | Found a transporter.
 11621 | Gauntlet | Found a transporter.
 11630 | Gauntlet | Found a transporter.
 11644 | Gauntlet | Found a transporter.
 11647 | Gauntlet | Found a transporter.
 11655 | Gauntlet | Found a transporter.
 11658 | Gauntlet | Found a transporter.
 12142 | Gauntlet | Got a pair of polished gloves
 12148 | Gauntlet | Identified the +1 pair of gloves "Zetemnuym" {rPois rN+}
                  | (You found it in a Gauntlet)
 12399 | Gauntlet | Noticed a minotaur
 12405 | Gauntlet | Killed a minotaur
 12405 | Gauntlet | Reached skill level 5 in Spellcasting
 12411 | Gauntlet | Got a blackened morningstar
 13095 | Lair:3   | Learned a level 2 spell: Blink
 13134 | Lair:4   | Noticed a four-headed hydra
 13141 | Lair:4   | Killed a four-headed hydra
 13141 | Lair:4   | Reached skill level 1 in Fighting
 13141 | Lair:4   | Reached skill level 10 in Dodging
 13155 | Lair:4   | Noticed Nergalle
 13173 | Lair:4   | Killed Nergalle
 13430 | Lair:4   | Noticed Snorg
 13444 | Lair:4   | Slain by Snorg

Levels and vault maps discovered:
D:1:      dpeg_arrival_court, layout_basic
D:2:      layout_basic, nicolae_ashenzari_panopticon
D:3:      layout_basic, serial_bayou, serial_bayou_lagoon_a,
          serial_bayou_lagoon_b, serial_bayou_shore_b, serial_bayou_pond_d,
          chequers_ecumenical_altar_simple
D:4:      layout_loops_ring, lemuel_crystal_altar,
          gammafunk_ghost_nasty_kobolds, first_ration, serial_shops,
          shop_statue, nicolae_shop_window_shopping, shop,
          nicolae_shop_statue_plus, uniq_edmund, uniq_robin
D:5:      layout_gridville, temple_fountains
D:6:      minmay_polygon_palace, layout_cave_pools, basic_altar, serial_shops,
          nicolae_shop_crystal
D:7:      layout_loops_ring, nicolae_qazlal_general_emergency,
          lemuel_round_altar, nicolae_tso_swordbearing_angel, uniq_harold
D:8:      layout_cave_pools, gammafunk_ghost_necromancy, serial_shops, shop,
          hangedman_ranch [blue_anna_fruit_fields], minmay_parallelograms,
          uniq_pikel
D:9:      layout_roguey, slow_altar_1, serial_shops, nicolae_shop_crystal, shop,
          nicolae_shop_trees, chequers_serial_rivers_large_b,
          minmay_misc_feat_square, minivault_23
D:10:     layout_roguey
D:11:     layout_basic, grunt_lair_entry_orc_guard_hut, serial_shops, shop
Lair:1:   layout_loops_ring, cheibrodos_lair_lostbears
Lair:2:   layout_loops_ring, minmay_shoals_entry_beasts
Lair:3:   layout_gridlike, gauntlet_entry_generic, serial_bayou_shore_b,
          serial_bayou_shore_a, uniq_sonja
Lair:4:   layout_small_grid, guppyfry_snake_entry_garden, uniq_snorg,
          uniq_nergalle

Skill      XL: |  1  2  3  4  5  6  7  8  9 10 11 12 |
---------------+-------------------------------------+-----
Hexes          | 5 6 7 9 11 12 14 15 | 15.9
Short Blades   | 2 3 4 6 8 9 10 | 10.0
Stealth        | 5 6 7 9 10 11 12 13 | 13.9
Invocations    | 1 2 4 5 7 |  7.9
Dodging        | 4 7 10 | 10.1
Spellcasting   | 5 |  5.1
Fighting       | 1 |  1.8

Action                   |  1- 3 |  4- 6 |  7- 9 | 10-12 || total
-------------------------+-------+-------+-------+-------++-------
Melee: Dagger            |    86 |       |       |       ||    86
       Bite              |    11 |    19 |    51 |   167 ||   248
       Short sword       |    53 |   163 |   322 |   565 ||  1103
       Rapier            |       |       |       |   126 ||   126
Throw: Javelin           |       |       |       |     1 ||     1
 Cast: Ensorcelled Hiber |       |     7 |     7 |    28 ||    42
       Confuse           |       |     1 |     4 |    12 ||    17
       Confusing Touch   |       |       |     2 |     8 ||    10
       Invisibility      |       |       |       |     3 ||     3
Invok: Slouch            |       |       |       |     3 ||     3
 Abil: Exsanguinate      |       |       |       |     2 ||     2
       Revivify          |       |       |       |     2 ||     2
Evoke: Wand              |       |       |       |     2 ||     2
  Use: Scroll            |     4 |     2 |     9 |    19 ||    34
       Potion            |       |       |       |     1 ||     1
 Stab: Sleeping          |    10 |     4 |    24 |    57 ||    95
       Confused          |       |     2 |     7 |    13 ||    22
       Distracted        |       |       |     1 |       ||     1
       Invisible         |       |       |       |     9 ||     9
Armor: Robe              |    34 |    59 |   105 |       ||   198
       Leather armour    |       |       |    21 |    89 ||   110
       Ring mail         |       |       |       |    84 ||    84
Dodge: Dodged            |    89 |   118 |   149 |   421 ||   777
Block: Buckler           |       |       |    45 |   140 ||   185

Table legend:
 A = Non-vault XP
 B = Vault XP
 C = Vault XP percentage of total XP
 D = Non-vault monster count
 E = Vault monster count
 F = Vault count percentage of total count
                 A         B        C        D         E       F
            +---------+---------+-------+---------+---------+-------
      Total |   23222 |   12501 |  35.0 |     268 |      69 |  20.5
            +---------+---------+-------+---------+---------+-------
        D:1 |      33 |       0 |   0.0 |      17 |       0 |   0.0
        D:2 |      39 |       0 |   0.0 |      16 |       0 |   0.0
        D:3 |     171 |     164 |  49.0 |      26 |       1 |   3.7
        D:4 |     352 |      35 |   9.0 |      19 |      11 |  36.7
        D:5 |     536 |       0 |   0.0 |      13 |       0 |   0.0
        D:6 |     686 |     694 |  50.3 |      18 |      18 |  50.0
        D:7 |     864 |    1060 |  55.1 |      18 |       1 |   5.3
        D:8 |     443 |    2791 |  86.3 |      10 |       9 |  47.4
        D:9 |    2096 |      40 |   1.9 |      21 |       1 |   4.5
       D:10 |    1712 |       0 |   0.0 |      19 |       0 |   0.0
       D:11 |    4957 |     563 |  10.2 |      36 |       5 |  12.2
     Lair:1 |    5146 |     877 |  14.6 |      27 |       3 |  10.0
     Lair:2 |    2116 |     741 |  25.9 |      12 |       2 |  14.3
     Lair:3 |    2258 |     835 |  27.0 |      10 |       1 |   9.1
     Lair:4 |    1813 |     828 |  31.4 |       6 |       1 |  14.3
   Gauntlet |       0 |    3873 | 100.0 |       0 |      16 | 100.0
            +---------+---------+-------+---------+---------+-------
